 Dungeon Crawl Stone Soup version 0.29-a0-418-gc0181ea820 (webtiles) character file.

Game seed: 6280076226816033317

129 xian the Magician (level 4, 0/35 HPs)
             Began as a Draconian Hedge Wizard on May 17, 2022.
             Slain by a gnoll
             ... wielding a +0 club
              (3 damage)
             ... on level 2 of the Dungeon.
             The game lasted 00:08:30 (2594 turns).

xian the Magician (Draconian Hedge Wizard)          Turns: 2594, Time: 00:08:31

Health: 0/35       AC:  5    Str: 13    XL:     4   Next: 88%
Magic:  0/9        EV: 12    Int: 16    God:
Gold:   82         SH:  0    Dex: 10    Spells: 9/10 levels left

rFire   . . .      SeeInvis .   g - +2 rapier (protect)
rCold   . . .      Faith    .   (no shield)
rNeg    . . .      Spirit   +   (body armour unavailable)
rPois   .          Reflect  .   b - +0 hat
rElec   .          Harm     .   (no cloak)
rCorr   .          Rampage  .   (no gloves)
Will    .....                   (no boots)
Stlth   ++........              n - amulet of guardian spirit
HPRegen 0.11/turn               (no ring)
MPRegen 0.11/turn               (no ring)

@: no status effects
A: AC +5, unfitting armour, cold-blooded
a: no special abilities


You were on level 2 of the Dungeon.
You visited 1 branch of the dungeon, and saw 2 of its levels.

You collected 82 gold pieces.

Inventory:

Hand Weapons
 g - a +2 rapier of protection (weapon)
Missiles
 e - 82 stones
 m - 5 poisoned darts
Armour
 b - a +0 hat (worn)
Jewellery
 n - an amulet of guardian spirit (around neck)
Scrolls
 d - a scroll of fog {unknown}
 f - 2 scrolls of enchant weapon {unknown}
 h - a scroll of amnesia {unknown}
 i - 4 scrolls of identify {unknown}
 j - a scroll of acquirement {unknown}
 o - a scroll of noise {unknown}
Potions
 a - 2 potions of degeneration {unknown}
 c - a potion of magic
 k - a potion of cancellation {unknown}
 l - a potion of haste {unknown}
 p - a potion of berserk rage {unknown}
 q - a potion of invisibility {unknown}


   Skills:
 + Level 1.0 Fighting
 + Level 2.2 Short Blades
 + Level 2.3 Dodging
 + Level 2.0 Stealth
 + Level 3.8 Spellcasting
 + Level 2.0 Conjurations
 + Level 1.0 Summonings
 + Level 1.0 Translocations


You had 9 spell levels left.
You knew the following spells:

 Your Spells              Type           Power      Damage    Failure   Level
a - Magic Dart            Conj           36%        1d4       8%          1

Your spell library contained the following spells:

 Spells                   Type           Power      Damage    Failure   Level
 Apportation              Tloc           12%        N/A       12%         1
 Slow                     Hex            12%        N/A       17%         1
 Blink                    Tloc           12%        N/A       17%         2
 Call Imp                 Summ           6%         N/A       17%         2
 Conjure Flame            Conj/Fire      6%         6-21      34%         3
 Mephitic Cloud           Conj/Pois/Air  5%         N/A       36%         3
 Ignite Poison            Fire/Tmut/Pois 3%         N/A       45%         3
 Freezing Cloud           Conj/Ice/Air   2%         6-21      98%         5
 Alistair's Intoxication  Tmut/Pois      2%         N/A       99%         5


Dungeon Overview and Level Annotations

Branches:
Dungeon (2/15)

Altars:


Innate Abilities, Weirdness & Mutations

Your plain brown scales are hard. (AC +5)
You cannot fit into any form of body armour.
You are cold-blooded and may be slowed by cold attacks.


Message History

Your magical contamination has completely faded away.
Things that are here:
a +0 helmet; a quokka corpse A hobgoblin and a gnoll come into view.
The magic dart hits the hobgoblin.
The hobgoblin is heavily wounded.
The hobgoblin shouts!
A gnoll comes into view. It is wielding a +0 halberd.
A gnoll comes into view. It is wielding a +0 whip.
The magic dart hits the hobgoblin.
The hobgoblin is severely wounded.
The gnoll shouts!
The magic dart hits the hobgoblin but does no damage.
The hobgoblin is severely wounded.
The magic dart hits the hobgoblin but does no damage.
The hobgoblin is severely wounded.
The magic dart hits the hobgoblin.
You kill the hobgoblin!
The magic dart hits the gnoll.
The gnoll is lightly wounded.
The magic dart hits the gnoll.
The gnoll is heavily wounded.
The gnoll hits you from afar with a +0 halberd!
The gnoll hits you with a +0 club.
You miscast Magic Dart.
You are very lightly contaminated with residual magic.
Nothing appears to happen.
The gnoll hits you with a +0 club.
The gnoll hits you from afar with a +0 halberd!
* * * LOW HITPOINT WARNING * * *
You are too injured to fight recklessly!
Unknown command.
The gnoll attacks as you move away! The gnoll misses you.
The gnoll attacks as you move away! The gnoll hits you but does no damage.
The gnoll attacks as you move away! The gnoll hits you with a +0 club.
* * * LOW HITPOINT WARNING * * *
Your magical contamination has completely faded away.
The gnoll attacks as you move away! The gnoll hits you with a +0 club.
* * * LOW HITPOINT WARNING * * *
The gnoll attacks as you move away! The gnoll hits you with a +0 club.
You die...

≈≈≈..# #.#...#
.#.#.# #.#
##...#.#
###### #.#
#..#...# #.#
#....#########
#.#
#.............
#.#
##############
#.# .......
#.# .......
#@#
######..####..
####### #. #g#
#...g...# ##.
....... .. #.#
#.# #..
#######
#.####g###.#
#..
#..#.....g.#
##.
#...#.##..#
###..
#..###.#..##
.....
###.#[#....#
.....
#.###..#.#
.....<


You could see 2 gnolls.

Vanquished Creatures
  Jessica (D:2)
  Robin (D:2)
  An adder (D:2)
  2 gnolls (D:2)
  A dart slug (D:2)
  5 ball pythons
  2 bats
  2 endoplasms (D:2)
  A giant cockroach (D:2)
  8 hobgoblins
  4 kobolds (D:1)
  3 quokkas
  4 frilled lizards (D:1)
  18 goblins
  3 rats (D:1)
56 creatures vanquished.

Vanquished Creatures (others)
  6 plants (D:2)
6 creatures vanquished.

Grand Total: 62 creatures vanquished

Notes
Turn   | Place    | Note
-------+----------+-------------------------------------------
     0 | D:1      | xian the Draconian Hedge Wizard began the quest for the
                  | Orb.
     0 | D:1      | Reached XP level 1. HP: 14/14 MP: 4/4
   273 | D:1      | Reached XP level 2. HP: 20/20 MP: 4/6
   393 | D:1      | Reached skill level 1 in Short Blades
   673 | D:1      | Found a faded altar of an unknown god.
  1193 | D:1      | Reached XP level 3. HP: 27/27 MP: 1/7
  1901 | D:2      | Reached XP level 4. HP: 31/34 MP: 2/9
  1992 | D:2      | Noticed Jessica
  2004 | D:2      | Killed Jessica
  2343 | D:2      | Noticed Robin
  2363 | D:2      | Killed Robin
  2364 | D:2      | Reached skill level 1 in Fighting
  2594 | D:2      | Slain by a gnoll

Illustrated notes

Levels and vault maps discovered:
D:1:      dpeg_arrival_morbid_curiosity, layout_basic, basic_ecumenical_altar,
          serial_bayou_pond_d, dreamdust_princess_bridge
D:2:      layout_loops_ring, serial_bayou_pond_b, minmay_misc_feat_pillars,
          hangedman_decor_growths, minmay_tripent, uniq_jessica,
          uniq_crazy_yiuf_cottage, uniq_robin

Skill      XL: |  1  2  3  4 |
---------------+-------------+-----
Short Blades   | 1 2 |  2.2
Dodging        | 2 |  2.3
Fighting       | 1 |  1.0
Stealth        | 2 |  2.0
Conjurations   | 2 |  2.0
Spellcasting   | |  3.8
Summonings     | |  1.0
Translocations | |  1.0

Action                   |  1- 3 |  4- 6 || total
-------------------------+-------+-------++-------
Melee: Dagger            |    40 |       ||    40
       Rapier            |    30 |    18 ||    48
       Tailslap          |     5 |       ||     5
Throw: Stone             |     7 |       ||     7
 Cast: Magic Dart        |    68 |    39 ||   107
Armor: Skin              |    34 |    11 ||    45
Dodge: Dodged            |    63 |    13 ||    76

Table legend: (Time is in decaauts)
 A = Elapsed time spent in this place.
 B = Non-inter-level travel time spent in this place.
 C = Inter-level travel time spent in this place.
 D = Time resting spent in this place.
 E = Time spent auto-exploring this place.
 F = Levels seen in this place.
 G = Mean time per level.
                   A        B        C        D        E       F      G
               +--------+--------+--------+--------+--------+-----+--------+
         Total |   2601 |   2601 |      0 |    298 |   1828 |   2 | 1300.5 |
       Dungeon |   2601 |   2601 |      0 |    298 |   1828 |   2 | 1300.5 |
               +--------+--------+--------+--------+--------+-----+--------+

Top non-repeatable levels by time:
     D:1: 1569 daAuts
     D:2: 1032 daAuts
